 Dungeon Crawl Stone Soup version 0.28-a0-514-g0d7ab7f379 (webtiles) character file.

Game seed: 5418450928874110353

251 avis the Cleaver (level 6, -8/56 HPs)
             Began as a Hill Orc Monk on Sept 23, 2021.
             Mangled by a gnoll sergeant (9 damage)
             ... on level 3 of the Dungeon.
             The game lasted 00:21:46 (3976 turns).

avis the Cleaver (Hill Orc Monk)                    Turns: 3976, Time: 00:21:49

Health: -8/56      AC:  6    Str: 13 (16) XL:     6   Next: 13%
Magic:  6/6        EV: 11    Int:  8 (10) God:
Gold:   79         SH:  0    Dex: 12 (13) Spells: 5/5 levels left

rFire   . . .      SeeInvis .   a - +0 war axe
rCold   . . .      Faith    .   (no shield)
rNeg    . . .      Spirit   .   f - +0 ring mail
rPois   .          Reflect  .   (no helmet)
rElec   .          Harm     .   c - +0 cloak
rCorr   .          Rampage  .   (no gloves)
Will    .....                   (no boots)
Stlth   +.........              (no amulet)
HPRegen 0.18/turn               (no ring)
MPRegen 0.10/turn               (no ring)

@: lethally poisoned (-8 -> -24)
A: no striking features
a: no special abilities


You were on level 3 of the Dungeon.
You visited 1 branch of the dungeon, and saw 3 of its levels.

You collected 79 gold pieces.

Inventory:

Hand Weapons
 a - a +0 war axe (weapon)
 b - a +0 hunting sling
 j - a +0 vorpal flail
 l - a +0 spear
 r - a +0 vorpal spear
 s - a +0 spear
Missiles
 e - 38 stones (quivered)
 m - 19 arrows
 t - 2 sling bullets
Armour
 c - a +0 cloak (worn)
 f - a +0 ring mail (worn)
Jewellery
 n - an amulet of faith
Scrolls
 d - a scroll of identify {unknown}
 g - a scroll of enchant armour {unknown}
 k - a scroll of brand weapon {unknown}
 o - a scroll of teleportation {unknown}
 q - a scroll of fear {unknown}
Potions
 h - a potion of haste {unknown}
 p - a potion of attraction {unknown}


   Skills:
 - Level 5.0 Fighting
 * Level 8.0 Axes
 - Level 2.4 Dodging
 - Level 1.5 Stealth


You had 5 spell levels left.
You didn't know any spells.
Your spell library was empty.

Dungeon Overview and Level Annotations

Branches:
Dungeon (3/15)

Altars:
Beogh

Shops:
D:1 *


Message History

Fire: 4 sling bullets
Press: ? - help, Q - select action, (/) - cycle Shift-Dir - straight line, f/p - gnoll sergeant
Aim: a gnoll sergeant, wielding a +3 spear of venom, wearing a +2 scale mail of willpower and wearing a +0 buckler (67% to hit)
You shoot a sling bullet.
The gnoll sergeant blocks the sling bullet.
Fire: 3 sling bullets
Press: ? - help, Q - select action, (/) - cycle Shift-Dir - straight line, f/p - gnoll sergeant
Aim: a gnoll sergeant, wielding a +3 spear of venom, wearing a +2 scale mail of willpower and wearing a +0 buckler (67% to hit)
You shoot a sling bullet.
The sling bullet hits the gnoll sergeant but does no damage.
a - a +0 war axe (weapon)
The gnoll sergeant completely misses you.
The gnoll sergeant hits you with a +3 spear of venom!
You are poisoned.
The gnoll shouts!
You hit the gnoll sergeant but do no damage.
You feel sick.
The gnoll sergeant hits you with a +3 spear of venom.
You are more poisoned.
You hit the gnoll sergeant but do no damage.
You feel very sick.
The gnoll sergeant hits you with a +3 spear of venom!
You are more poisoned.
You hit the gnoll sergeant but do no damage.
You feel very sick.
The gnoll sergeant hits you with a +3 spear of venom.
You are lethally poisoned!
You hit the gnoll sergeant.
The gnoll sergeant is lightly wounded.
* * * LOW HITPOINT WARNING * * *
You feel very sick.
The gnoll sergeant hits you with a +3 spear of venom!
* * * LOW HITPOINT WARNING * * *
It was a potion of degeneration.
There was something very wrong with that liquid.
You feel weakened.
You feel dopey.
You feel clumsy.
* * * LOW HITPOINT WARNING * * *
You feel very sick.
The gnoll sergeant hits you with a +3 spear of venom!
You die...

≈≈≈≈≈≈≈≈....≈≈≈≈≈≈≈≈≈≈≈≈#####≈≈..
≈≈≈≈≈≈≈≈....≈)≈≈≈≈≈≈≈≈≈≈≈≈≈≈≈≈≈..
≈≈≈≈≈≈≈≈....≈)≈≈≈≈≈≈≈≈≈≈≈≈≈≈≈≈≈..
............(................P...
.................................
#.###......###g#..[.......#.....#
#.# #......# #(...#.####..#.###.#
#.# #......# #.g..#....#.##.# #..
#.# #......###..@.#....#.##.#####
#.# #.......).....#.#..#.##.##...
#.# #.##########.......#..)..#.##
#.# #.# #....).[..#.##.##..#.#
#.# #. #...###.#)#.##.##..#.# # #
#. ###.........#.##.##..#.# #.#
#. #........<..#.##+##..#.## #.#
#.#...####..#...........# ..###
#.#......................


You could see a gnoll sergeant and a gnoll.

Vanquished Creatures
  A hound (D:3)
  7 gnolls (D:3)
  4 adders
  3 worms (D:2)
  A dart slug (D:2)
  9 orcs
  6 bats
  4 endoplasms
  3 giant cockroaches
  6 goblins
  4 hobgoblins
  19 jackals
  3 kobolds (D:2)
  6 quokkas
  10 ball pythons
  4 frilled lizards
  6 rats
96 creatures vanquished.

Notes
Turn   | Place    | Note
-------+----------+-------------------------------------------
     0 | D:1      | avis the Hill Orc Monk began the quest for the Orb.
     0 | D:1      | Reached XP level 1. HP: 19/19 MP: 1/1
   160 | D:1      | You fall into a shaft and drop 1 floor!
   388 | D:2      | Reached XP level 2. HP: 26/26 MP: 2/2
   461 | D:2      | Reached skill level 5 in Axes
   633 | D:2      | Found a roughly hewn altar of Beogh.
   810 | D:2      | Found a faded altar of an unknown god.
   918 | D:2      | Reached XP level 3. HP: 22/33 MP: 3/3
  1145 | D:1      | Found Orhokk Piaf's General Store.
  1984 | D:2      | Reached XP level 4. HP: 40/40 MP: 4/4
  2056 | D:2      | Reached skill level 6 in Axes
  3039 | D:3      | Reached XP level 5. HP: 33/47 MP: 5/5
  3530 | D:3      | Reached skill level 7 in Axes
  3727 | D:3      | Reached skill level 5 in Fighting
  3748 | D:3      | Reached XP level 6. HP: 40/56 MP: 6/6
  3929 | D:3      | Reached skill level 8 in Axes
  3976 | D:3      | HP: 1/56 [poisoned by a gnoll sergeant]
  3976 | D:3      | Mangled by a gnoll sergeant

Illustrated notes

Levels and vault maps discovered:
D:1:      dpeg_arrival_shrine, layout_basic, serial_shops, shop, hex_medium
D:2:      layout_loops_ring, hellmonk_ecumenical_altar_defaced_shrine
D:3:      lemuel_castle_with_subvaults [lemuel_castle_interior_carwin_2],
          layout_basic, chequers_arboretum

Skill      XL: |  1  2  3  4  5  6 |
---------------+-------------------+-----
Axes           | 5 6 7 8 |  8.0
Fighting       | 4 5 |  5.0
Dodging        | |  2.4
Stealth        | |  1.5

Action                   |  1- 3 |  4- 6 || total
-------------------------+-------+-------++-------
Melee: Hand axe          |    76 |    50 ||   126
       War axe           |       |    92 ||    92
 Fire: Hunting sling     |    62 |    78 ||   140
  Use: Scroll            |     2 |       ||     2
       Potion            |       |     1 ||     1
 Stab: Sleeping          |     1 |       ||     1
Armor: Robe              |     6 |       ||     6
       Ring mail         |    27 |    36 ||    63
Dodge: Dodged            |    44 |    94 ||   138

Table legend: (Time is in decaauts)
 A = Elapsed time spent in this place.
 B = Non-inter-level travel time spent in this place.
 C = Inter-level travel time spent in this place.
 D = Time resting spent in this place.
 E = Time spent auto-exploring this place.
 F = Levels seen in this place.
 G = Mean time per level.
                   A        B        C        D        E       F      G
               +--------+--------+--------+--------+--------+-----+--------+
         Total |   4000 |   3869 |    131 |    907 |   1312 |   3 | 1333.3 |
       Dungeon |   4000 |   3869 |    131 |    907 |   1312 |   3 | 1333.3 |
               +--------+--------+--------+--------+--------+-----+--------+

Top non-repeatable levels by time:
     D:2: 1703 daAuts
     D:3: 1255 daAuts
     D:1: 1041 daAuts
